 Dungeon Crawl Stone Soup version 0.25-a0-842-g81a31cfd23 (webtiles) character file.

Game seed: 9804895682538660963, levelgen mode: deterministic

529 Maedhros the Ducker (level 7, 0/50 HPs)
             Began as an Octopode Wanderer on Apr 25, 2020.
             Slain by a hound (4 damage)
             ... on level 5 of the Dungeon.
             The game lasted 00:05:48 (1886 turns).

Maedhros the Ducker (Octopode Wanderer)             Turns: 1886, Time: 00:05:48

Health: 0/50       AC:  1    Str:  9    XL:     7   Next: 24%
Magic:  7/7        EV: 17    Int: 16    God:
Gold:   132        SH:  0    Dex: 14    Spells: 6/6 levels left

rFire    . . .     SeeInvis .   j - +1 dagger (venom)
rCold    . . .     Gourm    .   (no shield)
rNeg     . . .     Faith    .   (helmet restricted)
rPois    .         Spirit   .   (no amulet)
rElec    .         Reflect  .   (no ring)
rCorr    .         Harm     .   (no ring)
MR       .....                  (no ring)
Stlth    +++.......             (no ring)
HPRegen  0.16/turn              (no ring)
MPRegen  0.10/turn              (no ring)
                                (no ring)
                                (no ring)

@: brilliant, lethally poisoned (0 -> -3)
A: almost no armour, stealthy swim, amphibious, 8 rings, constrict 8, camouflage
1, gelatinous body 1
a: no special abilities


You were on level 5 of the Dungeon.
You were not hungry.

You visited 1 branch of the dungeon, and saw 5 of its levels.

You collected 132 gold pieces.

Inventory:

Hand Weapons
 a - a +2 hand axe
 b - a +0 quarterstaff
 d - a +0 dagger
 j - a +1 dagger of venom (weapon)
Missiles
 i - 3 curare-tipped darts (quivered)
Jewellery
 p - an uncursed ring of ice
Wands
 n - a wand of iceblast (7)
 q - a wand of clouds (5)
Scrolls
 c - 5 scrolls of teleportation
 e - a scroll of random uselessness {unknown}
 g - 2 scrolls of identify {unknown}
 h - 3 scrolls of remove curse {unknown}
 k - a scroll of enchant armour {unknown}
 l - 2 scrolls of enchant weapon {unknown}
 o - a scroll of immolation {unknown}
Potions
 m - a potion of cancellation
Comestibles
 f - 5 rations


   Skills:
 - Level 5.0 Fighting
 - Level 1.0 Axes
 - Level 1.0 Staves
 + Level 7.5 Dodging
 - Level 2.6 Stealth


You had 6 spell levels left.
You didn't know any spells.
Your spell library was empty.

Dungeon Overview and Level Annotations

Branches:
Dungeon (5/15)
 Temple: D:4-7

Altars:
Elyvilon

Annotations:
D:2 Natasha
D:3 Grinder


Innate Abilities, Weirdness & Mutations

You cannot wear most types of armour.
You are very stealthy in the water. (Stealth+)
You are amphibious.
You can wear up to eight rings at the same time.
You can use your tentacles to constrict eight enemies at once.
Your skin changes colour to match your surroundings (Stealth+).
Your rubbery body absorbs attacks. (AC +1, EV +1)


Message History

The worker ant poisons you!
You feel sick.
A worker ant comes into view.
You feel sick. The hound completely misses you.
You feel sick.
You feel sick.
The crimson imp blinks!
The hound bites you.
* * * LOW HITPOINT WARNING * * *
Found a stone staircase leading down.
The worker ant waves its antennae.
It was a potion of brilliance.
You feel clever all of a sudden.
You feel sick. The hound bites you.
* * * LOW HITPOINT WARNING * * *
The hound bites you.
* * * LOW HITPOINT WARNING * * *
Found a ration.
Okay, then.
* * * LOW HITPOINT WARNING * * *
You feel sick. The hound bites you.
You die...

.# ### ...#
.. ... #. ..
#.##>#.#
#....#.#
#.#..#.#.#
#%..@....#
#######
#.###hJ.#####
......#
#a#......
...##.##
#a###..######
##.....#
#...#.##
#####..#
####...#
#####..#
#...#
...[...#
#...#
######.####
#...#


You could see a hound, a jelly and a worker ant.

Vanquished Creatures
  2 ogres (D:4)
  A scorpion (D:5)
  A crimson imp (D:3)
  A centaur skeleton (D:5)
  An orc wizard (D:4)
  An iguana (D:5)
  Ijyb (D:3)
  Terence (D:2)
  A hound skeleton (D:5)
  2 gnolls (D:4)
  5 adders
  2 oozes (D:1)
  A dart slug (D:4)
  2 leopard geckos (D:3)
  5 orcs
  A ball python (D:5)
  3 bats
  3 giant cockroaches
  5 goblins
  8 hobgoblins
  5 jackals
  2 kobolds (D:1)
  A quokka (D:4)
  A frilled lizard (D:1)
  A leopard gecko skeleton (D:4)
57 creatures vanquished.

Notes
Turn   | Place    | Note
-------+----------+-------------------------------------------
     0 | D:1      | Maedhros the Octopode Wanderer began the quest for the Orb.
     0 | D:1      | Maedhros set off with the following items: a +2 hand axe, a
                  | +0 quarterstaff, a scroll of teleportation, a +0 dagger, a
                  | ration
     0 | D:1      | Reached XP level 1. HP: 18/18 MP: 1/1
   124 | D:1      | Reached skill level 2 in Dodging
   124 | D:1      | Reached XP level 2. HP: 24/24 MP: 2/2
   193 | D:2      | Reached XP level 3. HP: 21/29 MP: 3/3
   225 | D:2      | Noticed Terence
   238 | D:2      | HP: 1/29 [Terence/+4 trident of flaming (3)]
   239 | D:2      | Killed Terence
   239 | D:2      | Reached skill level 3 in Dodging
   250 | D:2      | HP: 1/29 [bat (1)]
   253 | D:2      | Noticed Natasha
   505 | D:3      | Reached XP level 4. HP: 25/35 MP: 4/4
   560 | D:3      | Noticed Ijyb
   573 | D:3      | Killed Ijyb
   573 | D:3      | Reached skill level 4 in Dodging
   760 | D:3      | Noticed Grinder
   839 | D:3      | Reached skill level 5 in Dodging
   839 | D:3      | Reached XP level 5. HP: 28/39 MP: 5/5
  1148 | D:4      | Noticed an ogre
  1192 | D:4      | Killed an ogre
  1192 | D:4      | Reached skill level 6 in Dodging
  1192 | D:4      | Reached XP level 6. HP: 20/45 MP: 6/6
  1698 | D:5      | Entered Level 5 of the Dungeon
  1704 | D:5      | Noticed a sky beast
  1749 | D:5      | Found a white marble altar of Elyvilon.
  1764 | D:5      | Reached skill level 7 in Dodging
  1764 | D:5      | Reached XP level 7. HP: 20/50 MP: 7/7
  1886 | D:5      | Slain by a hound

Levels and vault maps discovered:
D:1:      dpeg_arrival_pond, layout_loops_ring
D:2:      layout_rooms, minmay_goblin_outpost, uniq_terence, uniq_robin,
          uniq_natasha
D:3:      layout_basic, portal_sewer_entry_b, uniq_grinder, uniq_ijyb
D:4:      layout_cave_pools, minmay_misc_feat_tower, chequers_mini_garden,
          minmay_cupped
D:5:      layout_loops_cross, grunt_temple_overflow_open,
          minmay_temple_entry_overgrown, first_ration, uniq_duvessa

Skill      XL: |  1  2  3  4  5  6 |
---------------+-------------------+-----
Dodging        | 2 3 5 6 7 |  7.5
Fighting       | |  5.0
Axes           | |  1.0
Staves         | |  1.0
Stealth        | |  2.6

Action                   |  1- 3 |  4- 6 |  7- 9 || total
-------------------------+-------+-------+-------++-------
Melee: Hand axe          |    31 |       |       ||    31
       Constrict         |     9 |    23 |     2 ||    34
       Tentacles         |     4 |    17 |     3 ||    24
       Dagger            |    27 |   101 |    12 ||   140
Evoke: Wand              |       |     1 |       ||     1
  Use: Scroll            |     1 |     1 |       ||     2
       Potion            |       |     2 |     1 ||     3
 Stab: Sleeping          |     3 |     6 |     1 ||    10
  Eat: Chunk             |       |     3 |       ||     3
Armor: Skin              |     4 |     3 |       ||     7
Dodge: Dodged            |    51 |    77 |    12 ||   140

Table legend:
 A = Non-vault XP
 B = Vault XP
 C = Vault XP percentage of total XP
 D = Non-vault monster count
 E = Vault monster count
 F = Vault count percentage of total count
                 A         B        C        D         E       F
            +---------+---------+-------+---------+---------+-------
      Total |     685 |      72 |   9.5 |      55 |       2 |   3.5
            +---------+---------+-------+---------+---------+-------
        D:1 |      28 |       0 |   0.0 |      10 |       0 |   0.0
        D:2 |      11 |      36 |  76.6 |       6 |       1 |  14.3
        D:3 |     102 |      36 |  26.1 |      15 |       1 |   6.2
        D:4 |     367 |       0 |   0.0 |      18 |       0 |   0.0
        D:5 |     177 |       0 |   0.0 |       6 |       0 |   0.0
            +---------+---------+-------+---------+---------+-------
